Cogmind - Beta 15 @@@ ROGUE MODE // 2025.10.11 @ 16:15:49 Player: TapeIsSticky Result: Heading to fleet! Performance ------------- Evolutions (9) 4500 Regions Visited (25) 5000 Robots Destroyed (222) 1110 Value Destroyed (11577) 11577 Prototype IDs (83) 1660 Alien Tech Used (3) 600 Bonus (15370) 15370 TOTAL SCORE: 39817 Bonus ------- High Alert Combat Kills 1103 Follower Combat Kills 3060 Network Hubs Disabled 200 Registered with UFD 300 Met Imprinter 300 Met Warlord at Base 500 MAIN.C Attacked Warlord 500 Built Enhanced Grunts 300 Met R17 at Cetus 500 Used Core Reset Matrix 3000 Met R17 at Research 2000 Scanned by Researcher 500 Pursued by Intercept 500 Win 3000 Friendly Fire -393 Cogmind --------- Core Integrity 1600/1600 Matter 193/300 Energy 929/950 System Corruption 0% Temperature Cool (12) Movement Treading (163) Location To Fleet Rendezvous Parts ------- > --- POWER (3) -------- Quantum Reactor Vortex Chain Reactor > --- PROPULSION (6) --- Armored Heavy Treads High-density Centrium Heavy Treads High-density Centrium Heavy Treads > --- UTILITY (12) ----- Coolant Network Huge Storage Unit Long-range Sensor Array IFF Parser Surveybot 24 Chip Advanced Particle Charger Heavy Regenerative Plating Graphene Brace AEGIS Remote Shield A0-MCA's Component Scanner > --- WEAPON (4) ------- Vortex Driver Enhanced Nova Cannon Sigix Broadsword > --- INVENTORY (25) --- Light Quantum Reactor Advanced Heavy Siege Treads High-density Centrium Heavy Treads Experimental Coolant Injector Experimental Energy Well (600) High-capacity Matter Pod (0) Advanced Sensor Array Long-range Sensor Array Long-range Sensor Array Improved Armor Integrity Analyzer Graphene Brace Improved Focal Shield Thermal Barrier Advanced Point Defense System Cooled Proton Cannon Compact HERF Cannon Compact HERF Cannon Compact HERF Cannon Compact HERF Cannon Graviton Cannon Perforator Advanced Remote Datajack Peak State ------------ > --- POWER ------------ Quantum Reactor Vortex Chain Reactor > --- PROPULSION ------- Armored Heavy Treads High-density Centrium Heavy Treads High-density Centrium Heavy Treads > --- UTILITY ---------- Coolant Network Huge Storage Unit Long-range Sensor Array IFF Parser Surveybot 24 Chip Heavy Regenerative Plating Graphene Brace Thermal Barrier AEGIS Remote Shield A0-MCA's Component Scanner > --- WEAPON ----------- Vortex Driver Enhanced Nova Cannon Sigix Broadsword > --- INVENTORY -------- Light Quantum Reactor Advanced Heavy Siege Treads High-density Centrium Heavy Treads Experimental Coolant Injector Experimental Energy Well High-capacity Matter Pod Advanced Sensor Array Long-range Sensor Array Long-range Sensor Array Improved Armor Integrity Analyzer Advanced Particle Charger Graphene Brace Improved Focal Shield Advanced Point Defense System Cooled Proton Cannon Compact HERF Cannon Compact HERF Cannon Compact HERF Cannon Compact HERF Cannon Graviton Cannon Perforator Advanced Remote Datajack [Rating: 242] Favorites ----------- Power Quantum Reactor Engine Improved Ion Engine Power Core Neutrino Core Reactor Quantum Reactor Propulsion Light Treads Treads Light Treads Wheel Overtuned Scrapsphere Utility Huge Storage Unit Device Scrap Suit Storage Huge Storage Unit Processor Advanced Signal Interpreter Protection Centrium Medium Armor Plating Weapon Overtuned Barrage Gun Energy Gun Vortex Shotgun Energy Cannon Heavy Plasma Cannon Ballistic Gun Overtuned Barrage Gun Ballistic Cannon Light Cannon Launcher Grenade Launcher Special Weapon CPS Tube Slashing Weapon Sigix Broadsword Build | -11 -10 -10 -9 -9 -6 -6 -6 -6 -5 -5 -5 -5 -5 -4 -4 -4 -4 -4 -4 -3 -3 -2 -2 -2 -1 ------- Run | Yrd Mat Sub Rec Scr Fac Low Low Zio Pro Fac Upp Upp War Pro Fac Ext Cet Arc Hub Res Tes Res Qua Sec Acc Slots Evolved 18 | . . . . . 8 . . . . 2 . . . . 2 . . . . 2 . 2 . . 2 Power 2 | . . . . . 1 . . . . . . . . . . . . . . 1 . . . . . Propulsion 4 | . . . . . 2 . . . . . . . . . 1 . . . . 1 . . . . . Utility 10 | . . . . . 4 . . . . 2 . . . . 1 . . . . . . 2 . . 1 Weapon 2 | . . . . . 1 . . . . . . . . . . . . . . . . . . . 1 Parts Attached 171 | 7 6 10 3 6 26 3 1 1 . 16 5 1 8 2 8 9 13 2 1 11 4 9 9 9 1 Power 23 | 1 . . 1 . 4 . . . . 4 1 . 1 . . 3 3 . . 1 . 1 1 2 . Engine 5 | 1 . . 1 . 3 . . . . . . . . . . . . . . . . . . . . Core 7 | . . . . . 1 . . . . 4 1 . . . . . 1 . . . . . . . . Reactor 11 | . . . . . . . . . . . . . 1 . . 3 2 . . 1 . 1 1 2 . Propulsion 36 | 2 1 1 . 1 8 . . . . 1 . . 3 . 2 2 3 1 1 1 3 3 3 . . Treads 32 | 2 1 1 . 1 5 . . . . . . . 3 . 2 2 3 1 1 1 3 3 3 . . Leg . | . . . . . . . . . . . . . . . . . . . . . . . . . . Wheel 4 | . . . . . 3 . . . . 1 . . . . . . . . . . . . . . . Hover . | . . . . . . . . . . . . . . . . . . . . . . . . . . Flight . | . . . . . . . . . . . . . . . . . . . . . . . . . . Utility 64 | 2 2 3 2 3 9 1 1 . . 6 3 1 1 1 5 2 3 1 . 6 1 4 4 2 1 Device 37 | 1 . 2 . . 7 1 . . . 4 3 1 . 1 3 . 2 . . 3 1 3 3 1 1 Storage 5 | 1 2 1 . 1 . . . . . . . . . . . . . . . . . . . . . Processor 10 | . . . . 1 1 . 1 . . 1 . . 1 . 2 . . . . 2 . 1 . . . Hackware . | . . . . . . . . . . . . . . . . . . . . . . . . . . Protection 12 | . . . 2 1 1 . . . . 1 . . . . . 2 1 1 . 1 . . 1 1 . Artifact . | . . . . . . . . . . . . . . . . . . . . . . . . . . Weapon 48 | 2 3 6 . 2 5 2 . 1 . 5 1 . 3 1 1 2 4 . . 3 . 1 1 5 . Energy Gun 3 | . 1 . . . . . . 1 . . . . 1 . . . . . . . . . . . . Energy Cannon 8 | . . . . . 1 . . . . . . . 1 . . . . . . 2 . 1 . 3 . Ballistic Gun 24 | 2 . 2 . 2 4 2 . . . 2 1 . 1 1 1 2 3 . . 1 . . . . . Ballistic Cannon 8 | . . 4 . . . . . . . 3 . . . . . . . . . . . . . 1 . Launcher 2 | . 2 . . . . . . . . . . . . . . . . . . . . . . . . Special Weapon 2 | . . . . . . . . . . . . . . . . . 1 . . . . . . 1 . Impact Weapon . | . . . . . . . . . . . . . . . . . . . . . . . . . . Slashing Weapon 1 | . . . . . . . . . . . . . . . . . . . . . . . 1 . . Piercing Weapon . | . . . . . . . . . . . . . . . . . . . . . . . . . . Special Melee Weapon . | . . . . . . . . . . . . . . . . . . . . . . . . . . Unidentified Prototypes 4 | . . . . . . . . 1 . . . . 2 . . . . . . . . . 1 . . Corrupted Parts 1 | . . . . . . . . . . . . . . . . . . . . . . . . 1 . System Corruption 2 | . . . . . . . . . . . . . . . . . . . . . . . . 2 . Parts Lost 29 | . . 4 . . . . . . . 5 4 . . . . 4 5 . . . 3 . . 4 . Power 8 | . . . . . . . . . . 2 1 . . . . 1 1 . . . 1 . . 2 . Propulsion 3 | . . . . . . . . . . 1 1 . . . . . 1 . . . . . . . . Utility 13 | . . 2 . . . . . . . 2 1 . . . . 1 3 . . . 2 . . 2 . Weapon 5 | . . 2 . . . . . . . . 1 . . . . 2 . . . . . . . . . Highest Loss Streak 4 | . . 2 . . . . . . . 2 2 . . . . 2 4 . . . 2 . . 1 . To Critical Strikes 1 | . . . . . . . . . . . 1 . . . . . . . . . . . . . . Average Backups 20 | 2 14 17 21 20 21 25 25 24 23 21 21 23 24 24 23 23 21 19 21 21 19 18 20 19 18 Power 1 | . 1 2 4 1 . 1 1 1 1 2 3 3 2 2 2 2 2 2 2 1 1 1 1 1 . Propulsion 4 | . 2 3 5 6 5 5 5 5 5 4 2 4 5 4 2 1 1 2 2 1 2 2 1 2 2 Utility 8 | . 3 5 6 7 9 11 12 12 12 10 9 10 9 9 9 9 8 8 10 11 12 11 10 9 9 Weapon 6 | . 6 6 5 4 6 7 7 6 5 4 5 6 7 8 8 8 8 7 7 5 4 3 5 5 5 Tool/Special . | . . . . . . . . . . . . . . . . . . . . . . . . . . Unused Backups 77 | . 2 2 1 14 4 3 . 2 . 2 . 1 7 2 4 2 3 . 5 4 1 . 3 1 14 Power 10 | . . . 1 4 . 1 . . . 1 . 1 . . . . 1 . . . . . . . 1 Propulsion 16 | . . . . 1 . 1 . . . . . . 4 2 3 . 1 . 2 . . . . . 2 Utility 28 | . . . . 7 1 1 . 1 . 1 . . 2 . 1 1 . . 1 1 1 . 1 1 8 Weapon 21 | . 2 2 . . 3 . . 1 . . . . 1 . . 1 1 . 2 3 . . 2 . 3 Tool/Special 2 | . . . . 2 . . . . . . . . . . . . . . . . . . . . . Average Slot Usage (%) 85 | . 99 92 93 71 89 93 93 91 93 91 87 88 88 88 88 86 81 86 89 81 84 77 72 66 70 Engine 8 | . 14 14 14 13 11 13 13 13 13 2 . . . . . . . . . . . . . . . Core 1 | . . . . . . . . . . 7 10 11 10 5 5 1 . . . . . . . . . Reactor 2 | . . . . . . . . . . . . . . 5 5 8 8 10 10 10 13 8 8 7 8 Treads 19 | . 27 28 28 28 18 13 13 13 13 10 10 11 11 11 14 12 6 12 15 14 14 13 13 13 12 Wheel 3 | . . . . . 6 13 13 13 13 9 5 5 5 5 5 5 3 . . . . . . . . Device 13 | . 14 6 . . 14 19 20 20 20 25 28 29 26 23 25 15 19 15 15 14 13 21 20 18 23 Storage 8 | . 14 14 14 13 6 6 6 6 6 5 5 5 5 5 5 5 5 5 5 4 4 4 4 4 4 Processor 5 | . . . . . 5 6 6 6 6 5 5 5 7 11 10 15 15 15 15 13 12 12 12 8 8 Protection 3 | . . . 8 7 4 . . . . 2 . . . . . 4 4 10 10 8 9 4 3 3 4 Energy Cannon 2 | . . . . . 3 5 6 5 6 2 2 5 4 4 4 . . . . 4 3 7 5 5 6 Ballistic Gun 11 | . 27 6 26 6 16 13 12 12 13 6 12 5 5 10 10 14 14 15 15 9 9 4 1 . . Ballistic Cannon 2 | . . 21 . . . . . . . 6 1 5 5 . . . . . . . . . . . . Peak Build Rating 242 | 7 9 13 15 21 62 63 62 62 63 89 89 89 105 107 125 126 150 158 159 182 187 202 226 226 242 Average Rating 71 | 5 8 9 14 12 50 60 61 60 62 80 87 87 92 106 118 124 136 155 158 178 182 191 212 221 235 On Entrance 97 | . 7 9 12 10 20 58 61 61 61 63 88 87 87 105 107 125 117 144 158 159 182 166 202 225 220 Naked Turns . | . . . . . . . . . . . . . . . . . . . . . . . . . . Heaviest Build 221 | 15 51 130 95 90 137 130 124 124 124 147 141 141 141 139 145 141 154 160 160 184 183 193 202 209 221 Greatest Support 240 | 40 40 40 40 43 83 16 40 16 16 20 20 20 20 55 20 20 160 188 188 240 240 215 240 240 240 Greatest Overweight (x) 14 | . 1 3 2 2 14 8 7 7 7 9 7 7 7 6 7 7 7 . . . 1 . . . . Average Overweight (x) 3 | . . 1 2 1 3 7 6 6 7 7 6 7 6 5 6 6 3 . . . . . . . . Largest Inventory Capacity 25 | 8 20 25 25 25 25 25 25 25 25 25 25 25 25 25 25 25 25 25 25 25 25 25 25 25 25 Average Capacity 23 | 7 19 20 25 23 22 25 25 25 25 25 25 25 25 25 25 25 25 25 25 25 25 25 25 25 25 Most Carried 25 | 5 20 20 25 25 25 25 25 25 25 25 23 25 25 25 25 25 25 24 25 25 25 25 25 25 25 Average Carried 22 | 2 14 18 23 21 21 24 25 24 24 22 22 24 24 24 24 24 23 22 24 24 24 22 24 23 21 Final Capacity 25 | 8 20 25 25 20 25 25 25 25 25 25 25 25 25 25 25 25 25 25 25 25 25 25 25 25 25 Final Carried 25 | 5 20 20 25 20 25 25 25 23 25 22 23 25 25 25 25 23 23 24 25 25 25 24 25 20 25 Class Distribution -------------------- 41% | Mutant 21% | Scavenger-Skirmisher 17% | Scavenger-Scrapper 10% | Scavenger-Tank Dominant Class ---------------- Mutant | -10/Materials Mutant | -10/Subcaves Mutant | -9/Recycling Mutant | -9/Scraptown Scavenger-Skirmisher | -6/Factory Scavenger-Scrapper | -6/Lower Caves Scavenger-Scrapper | -6/Lower Caves Scavenger-Scrapper | -6/Zion Scavenger-Scrapper | -5/Proximity Caves Scavenger-Skirmisher | -5/Factory Scavenger-Skirmisher | -5/Upper Caves Scavenger-Skirmisher | -5/Upper Caves Scavenger-Skirmisher | -5/Warlord Scavenger-Skirmisher | -4/Proximity Caves Scavenger-Skirmisher | -4/Factory Scavenger-Tank | -4/Extension Scavenger-Tank | -4/Cetus Scavenger-Tank | -4/Archives Scavenger-Tank | -4/Hub_04(d) Scavenger-Tank | -3/Research Scavenger-Skirmisher | -3/Testing Scavenger-Skirmisher | -2/Research Assassin | -2/Quarantine Assassin | -2/Section 7 Scavenger-Mutant | -1/Access Resources | -11 -10 -10 -9 -9 -6 -6 -6 -6 -5 -5 -5 -5 -5 -4 -4 -4 -4 -4 -4 -3 -3 -2 -2 -2 -1 ----------- Run | Yrd Mat Sub Rec Scr Fac Low Low Zio Pro Fac Upp Upp War Pro Fac Ext Cet Arc Hub Res Tes Res Qua Sec Acc Matter Collected 8334 | 336 422 526 253 197 596 249 252 25 . 1261 346 66 129 67 150 1234 301 113 158 227 407 293 177 349 200 Remotely 1063 | . . . . . . . . . . 724 . . . . . . . . . . 339 . . . . Salvage Created 12491 | 171 585 192 717 . 748 364 157 . 5 1032 306 94 . 51 . 1579 371 103 333 237 570 1527 990 2334 25 Parts 604 | 16 49 17 29 . 44 12 7 . 2 47 7 1 . 6 . 86 17 3 14 7 32 77 42 88 1 Haulers Intercepted 6 | . 2 . . . . . . . . 1 . . . . . . . . 2 1 . . . . . Recyclers Shooed 14 | . . . 7 . 2 . . . . 4 . . . . . 1 . . . . . . . . . Parts Field Recycled . | . . . . . . . . . . . . . . . . . . . . . . . . . . Retrieved Matter . | . . . . . . . . . . . . . . . . . . . . . . . . . . Parts Self-Destructed 37 | . . 14 . . . 8 7 . 2 . 2 . . 4 . . . . . . . . . . . Prevented 1 | . . . . . . . . . . . 1 . . . . . . . . . . . . . . Kills | -11 -10 -10 -9 -9 -6 -6 -6 -6 -5 -5 -5 -5 -5 -4 -4 -4 -4 -4 -4 -3 -3 -2 -2 -2 -1 ------- Run | Yrd Mat Sub Rec Scr Fac Low Low Zio Pro Fac Upp Upp War Pro Fac Ext Cet Arc Hub Res Tes Res Qua Sec Acc Combat Hostiles Destroyed 166 | . 14 11 4 . 9 5 7 . 2 10 4 . . 4 . 24 6 1 1 2 8 19 7 27 1 Melee 3 | . . . . . . . 1 . . . . . . . . . . . . . . . . 2 . Guns 64 | . 11 1 4 . 7 1 2 . . 1 4 . . . . 16 6 1 1 2 7 . . . . Cannons 53 | . . 10 . . 2 . . . 1 9 . . . . . . . . . . 1 11 4 14 1 AOE 24 | . 3 . . . . 4 4 . 1 . . . . 4 . 8 . . . . . . . . . Classes Destroyed 22 | 3 5 2 1 . 2 . . . 1 . . 1 . . . 5 . . . . . . 1 1 . Worker 9 | 1 1 . . . 1 . . . . 4 . . . . . . . . 2 . . . . . . Builder 8 | . 1 . . . 1 . . . . 2 . . . . . 2 . . 1 . 1 . . . . Tunneler 4 | 4 . . . . . . . . . . . . . . . . . . . . . . . . . Hauler 6 | . 2 . . . . . . . . 1 . . . . . . . . 2 1 . . . . . Recycler 14 | 1 2 . 6 . 2 . . . . 3 . . . . . . . . . . . . . . . Operator 2 | . . . . . . . . . . . . . . . . 1 . . . . . . 1 . . Drone 2 | . . . . . . . . . 2 . . . . . . . . . . . . . . . . Turret 2 | . . 2 . . . . . . . . . . . . . . . . . . . . . . . Watcher 8 | . 3 . . . . . . . . 2 . . . . . . . . 1 . . . 1 1 . Swarmer 30 | . 9 4 . . . . 3 . . . . . . 4 . 6 . . . . . . . 4 . Grunt 43 | . 5 . . . 2 5 4 . . 5 . . . . . 8 . . . 1 . 4 . 9 . Brawler 3 | . . . . . . . . . . . . . . . . 2 . . . . 1 . . . . Duelist 2 | . . . . . . . . . . . . . . . . . . . . . . . . 2 . Researcher 2 | . . . . . . . . . . . . . . . . . . . . . . . . 2 . Sentry 18 | . . . 4 . 2 . . . . . 1 . . . . 3 . 1 . 1 . 3 . 3 . Demolisher 1 | . . . . . . . . . . . . . . . . 1 . . . . . . . . . Hunter 15 | . . . . . 1 . . . . . 2 . . . . 2 . . . . 2 4 2 2 . Programmer 32 | . . . . . 4 . . . . 5 . . . . . . . . 1 . 5 8 4 4 1 Behemoth 1 | . . . . . . . . . . . . . . . . 1 . . . . . . . . . Cetus Guard 6 | . . . . . . . . . . . . . . . . . 6 . . . . . . . . S7 Guard 1 | . . . . . . . . . . . . . . . . . . . . . . . . 1 . Tracker 2 | . . . . . . . . . . . . . . . . . . . . . . . . 2 . Fortress 1 | . . . . . . . . . . . . . . . . . . . . . . . 1 . . Subdweller 7 | . . 7 . . . . . . . . . . . . . . . . . . . . . . . Packrat 3 | . . . . . . 2 . . . . . 1 . . . . . . . . . . . . . Samaritan 1 | . . . . . . . . . . . . 1 . . . . . . . . . . . . . Thug 2 | . . . . . . . . . . . 1 . . . . 1 . . . . . . . . . Butcher 1 | . . . . . . . . . . . . . . . . 1 . . . . . . . . . Best Kill Streak 13 | 2 3 2 6 . 2 4 4 . 1 4 2 . . 4 . 13 4 1 2 1 3 4 3 5 1 Combat Bots Only 11 | . 3 2 2 . 2 4 4 . 1 2 2 . . 4 . 11 4 1 1 1 2 4 3 5 1 Max Kills in Single Turn 3 | 2 2 1 1 . 1 2 3 . 1 2 1 1 . 2 . 2 2 1 2 1 1 1 1 1 1 Gunslinging 1 | . . . . . . . . . . . . . . . . . 1 . . . . . . . . Exploded 3 | . 2 . . . . 2 3 . 1 . . . . 2 . 2 . . . . . . . . . Melee 1 | . . . . . . . 1 . . . . . . . . . . . . . . . . 1 . Uniques/NPCs Destroyed . | . . . . . . . . . . . . . . . . . . . . . . . . . . Combat | -11 -10 -10 -9 -9 -6 -6 -6 -6 -5 -5 -5 -5 -5 -4 -4 -4 -4 -4 -4 -3 -3 -2 -2 -2 -1 -------- Run | Yrd Mat Sub Rec Scr Fac Low Low Zio Pro Fac Upp Upp War Pro Fac Ext Cet Arc Hub Res Tes Res Qua Sec Acc Hostile Shots Fired 1390 | . 38 82 20 . 91 15 29 . 6 99 52 . 4 6 2 188 77 4 11 4 170 75 60 349 8 Missed 373 | . 12 28 9 . 42 5 9 . . 19 14 . 2 2 1 63 29 3 2 2 39 15 13 58 6 Hits 1017 | . 26 54 11 . 49 10 20 . 6 80 38 . 2 4 1 125 48 1 9 2 131 60 47 291 2 Melee 1 | . . . . . . . . . . . . . . . . . . . . . 1 . . . . Projectile 1016 | . 26 54 11 . 49 10 20 . 6 80 38 . 2 4 1 125 48 1 9 2 130 60 47 291 2 AOE 15 | . . . . . 1 . . . . 2 . . 2 . . 10 . . . . . . . . . Critical Strikes 49 | . . . 1 . 3 . . . . 8 2 . 1 . . 3 2 . . . 9 5 3 12 . Actively Blocked 13 | . . . . . . . . . . . . . . . . . . . . . . . 2 11 . Part Disruptions 4 | . . . . . 1 . . . . . 1 . . . . . . . . . 1 . . 1 . Damage Taken 18325 | . 222 727 163 59 732 191 382 . 123 1823 778 . 119 56 22 2442 1138 16 273 126 2445 739 698 5028 23 Core 1275 | . 39 50 12 . 105 . 8 . 19 238 148 . . . . 154 . . 16 . 91 80 25 290 . Absorbed by Shields 2876 | . . . . . . . . . . . . . . . . 485 64 . . . . 711 680 914 22 Reduced by Siege Mode 525 | . . . . . . . . . . . . . . . . . . . . . 150 49 49 277 . Ignored by Resistances 788 | . . . . . . . . . . . . . . . . . 111 6 5 . 263 . 148 255 . Regen/Repaired (Parts) 1957 | . 92 . . . 18 16 10 99 . 39 10 . 83 . . 10 . . . . . . 133 896 551 Core Remaining (%) 81 | 100 . . . 59 . . . . 84 . . . . 61 . . . . 85 . 93 . . 67 100 Volleys Fired 1033 | 11 40 53 23 . 60 31 38 2 14 71 21 19 43 52 13 69 19 8 17 19 54 121 88 134 13 Largest 3 | 2 2 2 2 . 3 3 3 1 3 3 3 3 1 1 3 3 3 3 3 3 3 1 1 3 1 Hottest 228 | 40 40 60 53 . 143 90 150 90 150 150 103 163 100 90 105 105 105 105 105 125 160 120 120 228 120 Shots Fired 1651 | 22 75 89 47 . 111 39 47 2 16 179 51 23 45 52 21 197 51 16 48 28 121 122 88 148 13 Gun 790 | 22 70 3 47 . 74 9 14 . 2 94 44 2 2 . 12 192 49 16 48 14 75 1 . . . Cannon 816 | . . 71 . . 37 23 26 2 14 85 7 21 43 50 9 . . . . 14 46 121 88 146 13 Launcher 41 | . 5 15 . . . 7 7 . . . . . . 2 . 5 . . . . . . . . . Special 4 | . . . . . . . . . . . . . . . . . 2 . . . . . . 2 . Kinetic 939 | 22 70 74 47 . 74 9 14 . 2 163 45 4 2 . 12 192 49 16 48 14 75 1 . 6 . Thermal 504 | . . . . . 37 23 26 2 14 16 6 19 41 50 9 . . . . 11 46 78 75 46 5 Explosive 41 | . 5 15 . . . 7 7 . . . . . . 2 . 5 . . . . . . . . . Electromagnetic 155 | . . . . . . . . . . . . . . . . . . . . 3 . 43 13 94 2 Entropic 8 | . . . . . . . . . . . . . 2 . . . . . . . . . . . 6 Robot Hit Streak 30 | 9 11 17 13 . 14 7 3 . 2 7 9 4 . 3 6 11 5 9 18 4 11 19 30 15 2 Robot Miss Streak 6 | 3 6 4 2 . 3 1 5 . 3 3 3 1 . . 2 5 2 2 2 1 5 3 3 5 3 Penetration Max 2 | . . . . . . . . . . 1 . . . . 1 2 1 . . . 1 . . 1 . Secondary Targets 10 | . . . . . . . 1 . . . 1 . . . . 5 3 . . . . . . . . Max Gunslinging Chain 1 | . . . . . . . 1 . . . 1 . . . . 1 1 . . . . . . . . Capacitor 311 | . . . . . . . . . . . . . . . . . . . . 3 . 121 88 99 . Shots Hit Robots 846 | 14 36 51 33 . 58 20 11 . 3 104 31 7 . 2 9 116 33 10 33 7 58 56 57 95 2 Core Hits 444 | 7 26 29 15 . 26 23 17 . 1 42 12 3 . 6 1 83 17 6 16 5 23 23 17 45 1 Critical Kills 26 | . . . . . 1 . . . . . . . . . . 11 4 1 2 1 2 . 1 3 . Critical Parts Destroyed 35 | . . . . . 1 . 1 . . . 1 . . . 2 15 1 . 8 1 2 . . 3 . Critical Strikes 73 | . . 1 . . 2 . 1 . . 6 1 . . . 2 26 6 1 10 2 5 . 1 9 . Meltdown 1 | . . . . . . . . . . . . . . . . . . . . . . . 1 . . Destroy 62 | . . . . . 2 . 1 . . . 1 . . . 2 26 6 1 10 2 5 . . 6 . Blast 7 | . . 1 . . . . . . . 6 . . . . . . . . . . . . . . . Corrupt 1 | . . . . . . . . . . . . . . . . . . . . . . . . 1 . Sever 2 | . . . . . . . . . . . . . . . . . . . . . . . . 2 . Melee Attacks 29 | . . . . . . . . . . . . . . . . . . . . . . . 2 25 2 Impact . | . . . . . . . . . . . . . . . . . . . . . . . . . . Slashing 29 | . . . . . . . . . . . . . . . . . . . . . . . 2 25 2 Piercing . | . . . . . . . . . . . . . . . . . . . . . . . . . . Sneak Attacks . | . . . . . . . . . . . . . . . . . . . . . . . . . . Combat Hostiles . | . . . . . . . . . . . . . . . . . . . . . . . . . . Follow-up Attacks . | . . . . . . . . . . . . . . . . . . . . . . . . . . Damage Inflicted 27579 | 187 791 1136 601 . 1338 939 780 . 146 3371 682 225 . 261 163 3369 1057 275 1390 278 1959 2509 1729 4188 205 Guns 10887 | 187 470 57 577 . 983 129 134 . 27 1393 662 47 . . 163 2480 1046 275 901 155 1201 . . . . Cannons 11947 | . . 851 . . 350 260 . . 65 1929 20 178 . . . . . . . 123 758 2509 1729 2970 205 Explosions 3389 | . 289 228 . . . 550 643 . 54 . . . . 261 . 889 . . 475 . . . . . . Melee 1218 | . . . . . . . . . . . . . . . . . . . . . . . . 1218 . Ramming 138 | . 32 . 24 . 5 . 3 . . 49 . . . . . . 11 . 14 . . . . . . Kinetic 13622 | 187 470 908 577 . 983 129 134 . 27 3117 682 100 . . 163 2480 1046 275 901 155 1201 . . 87 . Thermal 4602 | . . . . . 350 260 . . 119 205 . 125 . . . . . . . 36 758 1188 1347 214 . Explosive 2860 | . 289 228 . . . 550 643 . . . . . . 261 . 889 . . . . . . . . . Electromagnetic 4934 | . . . . . . . . . . . . . . . . . . . 475 87 . 1321 382 2669 . Impact . | . . . . . . . . . . . . . . . . . . . . . . . . . . Slashing 1218 | . . . . . . . . . . . . . . . . . . . . . . . . 1218 . Piercing . | . . . . . . . . . . . . . . . . . . . . . . . . . . Entropic 205 | . . . . . . . . . . . . . . . . . . . . . . . . . 205 Highest Corruption 25 | . 1 1 1 1 4 4 4 4 3 11 11 11 11 1 . . . . 2 . 17 6 6 25 . Average Corruption 3 | . 1 1 1 1 3 4 4 4 1 7 11 11 1 1 . . . . 1 . 7 3 4 7 . Corruption Purged . | . . . . . . . . . . . . . . . . . . . . . . . . . . Corruption Blocked . | . . . . . . . . . . . . . . . . . . . . . . . . . . Effects 345 | . 1 29 16 24 24 35 42 1 . 27 30 19 12 9 . . . . 4 . 15 11 15 31 . Message Errors 70 | . 1 5 6 5 1 7 10 . . 3 6 4 3 3 . . . . 1 . 2 3 4 6 . Matter Fused 78 | . . 5 2 10 7 9 7 . . 8 8 6 1 1 . . . . . . 1 1 5 7 . Heat Flow Errors 42 | . . 1 3 1 2 4 5 1 . 2 5 4 2 . . . . . 1 . 1 4 . 6 . Energy Discharges 53 | . . 5 2 3 6 8 10 . . 3 2 1 1 3 . . . . . . 1 2 3 3 . Parts Rejected 4 | . . . . . 1 . . . . . . . . . . . . . . . 2 . . 1 . Parts Fused 4 | . . . . 1 1 1 . . . . . . . . . . . . . . . . 1 . . Data Loss (minor) 39 | . . 5 1 2 4 1 8 . . 4 4 1 . 1 . . . . . . 2 . 2 4 . Data Loss (major) 22 | . . 4 1 1 . 3 1 . . 3 1 2 2 . . . . . 1 . 1 . . 2 . Misfires 11 | . . 1 1 . . 2 . . . 1 1 . 2 . . . . . . . 1 1 . 1 . Alerts 10 | . . 1 . 1 . . 1 . . 1 2 1 1 1 . . . . . . 1 . . . . Misdirections 2 | . . . . . . . . . . . . . . . . . . . . . 2 . . . . Weapon Failures 10 | . . 2 . . 2 . . . . 2 1 . . . . . . . 1 . 1 . . 1 . Overload Shots 13 | . . . . . . . . . . . . . . . . . . . . . . . . 11 2 Overflow Damage 571 | . . . . . . 80 . . 17 91 . 29 . . . 29 . . . . . 64 36 170 55 Projectiles 411 | . . . . . . 54 . . 3 91 . 29 . . . . . . . . . 64 36 79 55 Explosions 69 | . . . . . . 26 . . 14 . . . . . . 29 . . . . . . . . . Melee 91 | . . . . . . . . . . . . . . . . . . . . . . . . 91 . Knockbacks 37 | . . 10 . . . . . . . 17 . . . . . . . . . . . . . 10 . Impact . | . . . . . . . . . . . . . . . . . . . . . . . . . . Kinetic 31 | . . 10 . . . . . . . 13 . . . . . . . . . . . . . 8 . Secondary 6 | . . . . . . . . . . 4 . . . . . . . . . . . . . 2 . Self-Inflicted Damage 164 | . . . . . 2 . 47 . . 11 . . . . . 15 . . 89 . . . . . . Shots 4 | . . . . . . . 2 . . . . . . . . 1 . . 1 . . . . . . Rammed 17 | . 5 . 4 . 1 . 1 . . 4 . . . . . . 1 . 1 . . . . . . Targets Rammed 20 | . 6 . 4 . 1 . 1 . . 5 . . . . . . 1 . 2 . . . . . . Kicked . | . . . . . . . . . . . . . . . . . . . . . . . . . . Crushed 3 | . 1 . . . . . . . . 1 . . . . . . . . 1 . . . . . . Highest Temperature 549 | . . 202 239 150 549 192 392 124 120 356 254 160 214 140 114 255 310 92 164 196 421 199 198 192 . Average Temperature 72 | . . 104 47 81 90 60 80 45 47 113 112 78 104 55 40 67 105 40 49 40 95 61 92 47 . Received Heat Transfer 1521 | . 54 102 54 . 117 72 72 . . 213 63 . 9 . 12 259 189 . . 18 . 33 36 218 . Effects 16 | . . . . . 12 . 1 . . 1 . . . . . . . . . . 2 . . . . Shutdowns 5 | . . . . . 3 . . . . 1 . . . . . . . . . . 1 . . . . Energy Bleed 4 | . . . . . 3 . 1 . . . . . . . . . . . . . . . . . . Interference 5 | . . . . . 5 . . . . . . . . . . . . . . . . . . . . Matter Decay 1 | . . . . . . . . . . . . . . . . . . . . . 1 . . . . Short Circuit 1 | . . . . . 1 . . . . . . . . . . . . . . . . . . . . Siege Activations 20 | . . . . . . . . . . . . . . . . . . . 1 . 3 6 4 6 . Total Turns 337 | . . . . . . . . . . . . . . . . . . . 7 . 85 37 95 113 . Longest Duration 76 | . . . . . . . . . . . . . . . . . . . 7 . 42 13 45 76 . Martial Activations . | . . . . . . . . . . . . . . . . . . . . . . . . . . Shielding Activations . | . . . . . . . . . . . . . . . . . . . . . . . . . . Robots Disrupted 2 | . . . . . . . . . . . . . . . . . . . . . . 2 . . . Combat Hostiles 2 | . . . . . . . . . . . . . . . . . . . . . . 2 . . . Robots Corrupted 21 | . . . . . . . . . . . . . . . . . . . . . . 8 2 11 . Combat Hostiles 21 | . . . . . . . . . . . . . . . . . . . . . . 8 2 11 . Parts Fried 51 | . . . . . . . . . . . . . . . . . . . 2 1 . 11 4 33 . Impact Corruptions . | . . . . . . . . . . . . . . . . . . . . . . . . . . Robots Melted 1 | . . . . . . . . . . . . . . . . . . . . . . . 1 . . Combat Hostiles 1 | . . . . . . . . . . . . . . . . . . . . . . . 1 . . Parts Melted 6 | . . . . . 2 . . . . . . . . . . . . . . . . . 3 1 . Heat Transferred 3085 | . . . . . 500 400 . . 180 300 . 200 . . . . . . . . . 259 1061 185 . Parts Sabotaged . | . . . . . . . . . . . . . . . . . . . . . . . . . . Parts Stolen . | . . . . . . . . . . . . . . . . . . . . . . . . . . Parts Stripped . | . . . . . . . . . . . . . . . . . . . . . . . . . . Power Chain Reactions . | . . . . . . . . . . . . . . . . . . . . . . . . . . Alert | -11 -10 -10 -9 -9 -6 -6 -6 -6 -5 -5 -5 -5 -5 -4 -4 -4 -4 -4 -4 -3 -3 -2 -2 -2 -1 ------- Run | Yrd Mat Sub Rec Scr Fac Low Low Zio Pro Fac Upp Upp War Pro Fac Ext Cet Arc Hub Res Tes Res Qua Sec Acc Maximum Alert Level 4 | . . . . . . . . . . 2 . . . . . 4 3 2 2 1 . 1 1 2 1 Low Security (%) 76 | 100 100 . 100 . 100 . . . . 88 . . . . 100 61 . . 30 74 100 90 69 10 . Level 1 11 | . . . . . . . . . . 11 . . . . . 7 . 9 40 25 . 9 30 26 100 Level 2 8 | . . . . . . . . . . . . . . . . 20 5 90 29 . . . . 62 . Level 3 3 | . . . . . . . . . . . . . . . . 1 94 . . . . . . . . Level 4 . | . . . . . . . . . . . . . . . . 8 . . . . . . . . . Level 5 . | . . . . . . . . . . . . . . . . . . . . . . . . . . High Security . | . . . . . . . . . . . . . . . . . . . . . . . . . . Max Security . | . . . . . . . . . . . . . . . . . . . . . . . . . . Peak Influence 1580 | 10 169 . 144 . 116 . . . . 408 . . . . 139 1580 882 513 619 329 88 267 259 631 377 Initial 858 | . 6 . 124 . . . . . . 150 . . . . . 58 858 340 158 309 . 27 143 68 363 Average 149 | . 47 . 29 . 33 . . . . 121 . . . . 23 276 798 456 313 125 29 86 183 381 331 Influence Increases 9997 | 30 485 570 335 . 597 110 200 . 10 1010 90 . . 90 228 2348 308 213 826 120 349 653 305 970 150 Destroy 0b10 Robot/C 4460 | . 280 120 80 . 340 100 140 . . 340 60 . . 80 80 1100 160 80 180 40 160 380 140 580 20 Destroy 0b10 Robot/NC 320 | 30 45 . 30 . 20 . . . 10 75 5 . . . . 40 5 . 35 5 5 . 10 5 . Destroy Leader 754 | . 70 . . . 100 10 . . . 66 10 . . 10 20 134 . . 48 12 30 90 32 112 10 Allied During Kill 1355 | . . . . . 41 . . . . 78 . . . . 40 848 89 80 179 . . . . . . Successful Hack 188 | . 22 . 44 . 8 . . . . . . . . . 30 12 . . . . . . 24 . 48 Select Force Hacks 180 | . . . 180 . . . . . . . . . . . . . . . . . . . . . . Disable Machine 570 | . . . . . 30 . . . . 60 . . . . 30 60 . 45 45 15 120 15 45 75 30 Destroy Structure 1165 | . 38 . 1 . 28 . . . . 136 . . . . 28 124 54 8 294 18 34 138 54 168 42 Advance Influence 150 | . . . . . . . . . . 150 . . . . . . . . . . . . . . . Partial Spotted 30 | . . . . . . . . . . 15 . . . . . . . . 15 . . . . . . Lose Combat Pursuer 825 | . 30 450 . . 30 . 60 . . 90 15 . . . . 30 . . 30 30 . 30 . 30 . Influence Decreases 9674 | 20 365 441 594 . 485 222 200 . 10 602 498 . . 90 107 935 992 610 689 710 299 448 438 486 433 Entered New Map 2653 | . 4 63 135 . . 42 . . . . 152 . . . . 63 676 510 295 281 . 23 112 54 243 Time Decay 5959 | 20 361 338 459 . 325 180 200 . 10 392 306 . . 90 87 520 246 100 294 429 269 425 326 392 190 Lost Part 282 | . . 40 . . . . . . . 50 40 . . . . 32 50 . . . 30 . . 40 . Lost Ally 780 | . . . . . 160 . . . . 160 . . . . 20 320 20 . 100 . . . . . . Squads Dispatched 52 | . 3 . . . 5 . 1 . . 6 . . . . 1 5 . . 3 7 4 4 3 8 2 Investigation 12 | . 1 . . . 2 . 1 . . 2 . . . . 1 1 . . . 3 . 1 . . . Extermination 16 | . . . . . 2 . . . . 2 . . . . . . . . 1 1 2 3 2 2 1 Reinforcement 16 | . 2 . . . 1 . . . . . . . . . . 1 . . 2 3 2 . 1 3 1 Assault 3 | . . . . . . . . . . . . . . . . 3 . . . . . . . . . Garrison 2 | . . . . . . . . . . 2 . . . . . . . . . . . . . . . Intercept 3 | . . . . . . . . . . . . . . . . . . . . . . . . 3 . Searches Triggered . | . . . . . . . . . . . . . . . . . . . . . . . . . . Construction Impeded 3 | . . . . . 1 . . . . . . . . . . . . . 1 . . . . 1 . Haulers Reinforced 1 | . . . . . . . . . . . . . . . . . . . . 1 . . . . . Active Scanning Responses . | . . . . . . . . . . . . . . . . . . . . . . . . . . Cargo Convoy Interrupts . | . . . . . . . . . . . . . . . . . . . . . . . . . . Stealth | -11 -10 -10 -9 -9 -6 -6 -6 -6 -5 -5 -5 -5 -5 -4 -4 -4 -4 -4 -4 -3 -3 -2 -2 -2 -1 --------- Run | Yrd Mat Sub Rec Scr Fac Low Low Zio Pro Fac Upp Upp War Pro Fac Ext Cet Arc Hub Res Tes Res Qua Sec Acc Distress Signals 18 | . 1 . . . 2 . . . . . . . 1 . . 1 2 . . 6 . . 1 4 . Communications Jammed 101 | . . . . . . . . . . 6 . . . . . 65 29 . . . 1 . . . . Distress Signals 100 | . . . . . . . . . . 6 . . . . . 65 29 . . . . . . . . Times Spotted 318 | . 19 15 4 . 16 5 10 . 3 24 5 . 12 4 2 70 11 4 11 8 19 20 11 42 3 Peak Tracking Total 13 | . 4 4 2 . 3 4 5 . 1 4 2 . 6 4 2 13 5 1 4 3 4 4 4 7 2 Tactical Retreats 25 | . 1 5 . . 2 . 3 . . 4 1 . . . . 2 . . 2 1 . 2 . 2 . Traps | -11 -10 -10 -9 -9 -6 -6 -6 -6 -5 -5 -5 -5 -5 -4 -4 -4 -4 -4 -4 -3 -3 -2 -2 -2 -1 ------- Run | Yrd Mat Sub Rec Scr Fac Low Low Zio Pro Fac Upp Upp War Pro Fac Ext Cet Arc Hub Res Tes Res Qua Sec Acc Traps Triggered 12 | . 2 . . 1 2 . . . . 3 1 . . . . . . . . 2 . . . 1 . Indirectly . | . . . . . . . . . . . . . . . . . . . . . . . . . . Trap Hack Attempts . | . . . . . . . . . . . . . . . . . . . . . . . . . . Triggered . | . . . . . . . . . . . . . . . . . . . . . . . . . . Disarmed . | . . . . . . . . . . . . . . . . . . . . . . . . . . Reprogrammed . | . . . . . . . . . . . . . . . . . . . . . . . . . . Reused . | . . . . . . . . . . . . . . . . . . . . . . . . . . Traps Extracted . | . . . . . . . . . . . . . . . . . . . . . . . . . . Installed 1 | . . . . 1 . . . . . . . . . . . . . . . . . . . . . Triggered . | . . . . . . . . . . . . . . . . . . . . . . . . . . Most Traps Carried 2 | . . 2 2 2 . . . . . . . . . . . . . . . . . . . . . Machines | -11 -10 -10 -9 -9 -6 -6 -6 -6 -5 -5 -5 -5 -5 -4 -4 -4 -4 -4 -4 -3 -3 -2 -2 -2 -1 ---------- Run | Yrd Mat Sub Rec Scr Fac Low Low Zio Pro Fac Upp Upp War Pro Fac Ext Cet Arc Hub Res Tes Res Qua Sec Acc Machines Disabled 50 | . . 3 . . 2 . . . 1 4 . . 3 . 2 6 1 3 3 1 10 1 3 5 2 Max in Single Turn 3 | . . 2 . . 1 . . . 1 1 . . 1 . 1 1 1 1 3 1 1 1 1 1 2 Garrison Access 1 | . . . . . . . . . . . . . . . . . . . 1 . . . . . . Network Hub 1 | . . . . . . . . . . . . . . . . . . . 1 . . . . . . Energy Cycler 1 | . . . . . . . . . . . . . . . . 1 . . . . . . . . . Machines Repaired . | . . . . . . . . . . . . . . . . . . . . . . . . . . Machines Dismantled . | . . . . . . . . . . . . . . . . . . . . . . . . . . Machines Sabotaged . | . . . . . . . . . . . . . . . . . . . . . . . . . . Overloaded Fab Kills . | . . . . . . . . . . . . . . . . . . . . . . . . . . Hacking | -11 -10 -10 -9 -9 -6 -6 -6 -6 -5 -5 -5 -5 -5 -4 -4 -4 -4 -4 -4 -3 -3 -2 -2 -2 -1 --------- Run | Yrd Mat Sub Rec Scr Fac Low Low Zio Pro Fac Upp Upp War Pro Fac Ext Cet Arc Hub Res Tes Res Qua Sec Acc Machines Accessed 57 | . 7 . 11 2 3 3 1 . . 2 . 1 1 . 4 7 . . 4 . 2 3 2 1 3 Terminals 32 | . 4 . 5 . 1 . 1 . . . . . . . 2 6 . . 3 . 2 2 2 1 3 Fabricators . | . . . . . . . . . . . . . . . . . . . . . . . . . . Repair Stations 1 | . 1 . . . . . . . . . . . . . . . . . . . . . . . . Recycling Units 14 | . 2 . 6 . 2 . . . . 2 . . . . 1 1 . . . . . . . . . Scanalyzers . | . . . . . . . . . . . . . . . . . . . . . . . . . . Garrison Access 3 | . . . . . . . . . . . . . . . 1 . . . 1 . . 1 . . . Total Hacks 143 | . 23 . 20 22 9 8 7 . . 5 . 1 1 . 8 10 . . 6 . 6 5 5 1 6 Successful 91 | . 14 . 16 22 4 8 7 . . 2 . 1 1 . 4 4 . . 2 . 2 . 2 . 2 Failed 51 | . 8 . 4 . 5 . . . . 3 . . . . 4 6 . . 4 . 4 5 3 1 4 Catastrophic 13 | . 1 . . . 2 . . . . . . . . . 1 2 . . . . 1 3 . 1 2 Database Lockouts 1 | . 1 . . . . . . . . . . . . . . . . . . . . . . . . Manual 73 | . 15 . 20 . 9 . . . 1 5 . . . . 3 4 1 . 4 . 4 3 2 1 1 Terminals 77 | . 15 . 12 . 4 . 7 . . . . . . . 4 9 . . 4 . 6 4 5 1 6 Fabricators . | . . . . . . . . . . . . . . . . . . . . . . . . . . Repair Stations 4 | . 4 . . . . . . . . . . . . . . . . . . . . . . . . Recycling Units 26 | . 4 . 8 . 5 . . . . 5 . . . . 3 1 . . . . . . . . . Scanalyzers . | . . . . . . . . . . . . . . . . . . . . . . . . . . Garrison Access 4 | . . . . . . . . . . . . . . . 1 . . . 2 . . 1 . . . Terminal Hacks 50 | . 1 . 1 22 1 8 7 . . . . 1 1 . 3 2 . . . . 1 . 1 . 1 Record 31 | . . . . 16 . 6 7 . . . . . . . 1 . . . . . 1 . . . . Robot Analysis 8 | . 1 . 1 6 . . . . . . . . . . . . . . . . . . . . . Open Door 7 | . . . . . . 2 . . . . . 1 1 . 1 2 . . . . . . . . . Branch Access Points 2 | . . . . . 1 . . . . . . . . . . . . . . . . . . . 1 Recycling Unit Index 1 | . . . . . . . . . . . . . . . 1 . . . . . . . . . . Alert Level 1 | . . . . . . . . . . . . . . . . . . . . . . . 1 . . Fabricator Hacks . | . . . . . . . . . . . . . . . . . . . . . . . . . . Repair Station Hacks 4 | . 4 . . . . . . . . . . . . . . . . . . . . . . . . Scan Component 2 | . 2 . . . . . . . . . . . . . . . . . . . . . . . . Repair 2 | . 2 . . . . . . . . . . . . . . . . . . . . . . . . Recycling Unit Hacks 3 | . 2 . 1 . . . . . . . . . . . . . . . . . . . . . . Retrieve Matter 1 | . 1 . . . . . . . . . . . . . . . . . . . . . . . . Retrieve Components 2 | . 1 . 1 . . . . . . . . . . . . . . . . . . . . . . Scanalyzer . | . . . . . . . . . . . . . . . . . . . . . . . . . . Garrison Access Hacks 1 | . . . . . . . . . . . . . . . . . . . 1 . . . . . . Seal Access 1 | . . . . . . . . . . . . . . . . . . . 1 . . . . . . Unauthorized Hacks 33 | . 7 . 14 . 3 . . . . 2 . . . . 1 2 . . 1 . 1 . 1 . 1 Terminals 21 | . 7 . 8 . 1 . . . . . . . . . . 1 . . 1 . 1 . 1 . 1 Botnet 12 | . 3 . 3 . 1 . . . . . . . . . . 1 . . 1 . 1 . 1 . 1 Skim 9 | . 4 . 5 . . . . . . . . . . . . . . . . . . . . . . Fabricators . | . . . . . . . . . . . . . . . . . . . . . . . . . . Repair Stations . | . . . . . . . . . . . . . . . . . . . . . . . . . . Recycling Units 12 | . . . 6 . 2 . . . . 2 . . . . 1 1 . . . . . . . . . Tunnel 6 | . . . 6 . . . . . . . . . . . . . . . . . . . . . . Scrapoids 6 | . . . . . 2 . . . . 2 . . . . 1 1 . . . . . . . . . Scanalyzers . | . . . . . . . . . . . . . . . . . . . . . . . . . . Garrison Access . | . . . . . . . . . . . . . . . . . . . . . . . . . . Data Cores Recovered 1 | . . . . . . . . . . . . . . . . 1 . . . . . . . . . Used . | . . . . . . . . . . . . . . . . . . . . . . . . . . Hacking Detections 34 | . 5 . 4 . 2 . 1 . . 1 . . . . 3 4 . . 3 . 2 3 2 1 3 Full Trace Events 1 | . . . . . . . 1 . . . . . . . . . . . . . . . . . . Feedback Events . | . . . . . . . . . . . . . . . . . . . . . . . . . . Feedback Blocked . | . . . . . . . . . . . . . . . . . . . . . . . . . . Robot Schematics Acquired 4 | . . . . . . . . 4 . . . . . . . . . . . . . . . . . Robots Built . | . . . . . . . . . . . . . . . . . . . . . . . . . . Authchips . | . . . . . . . . . . . . . . . . . . . . . . . . . . Time . | . . . . . . . . . . . . . . . . . . . . . . . . . . Total Robot Build Rating . | . . . . . . . . . . . . . . . . . . . . . . . . . . Part Schematics Acquired 15 | . . . . . . . . 15 . . . . . . . . . . . . . . . . . Parts Built . | . . . . . . . . . . . . . . . . . . . . . . . . . . Authchips . | . . . . . . . . . . . . . . . . . . . . . . . . . . Time . | . . . . . . . . . . . . . . . . . . . . . . . . . . Total Part Build Rating . | . . . . . . . . . . . . . . . . . . . . . . . . . . Parts Repaired 2 | . 2 . . . . . . . . . . . . . . . . . . . . . . . . Time 52 | . 52 . . . . . . . . . . . . . . . . . . . . . . . . Parts Recycled . | . . . . . . . . . . . . . . . . . . . . . . . . . . Recycled Matter . | . . . . . . . . . . . . . . . . . . . . . . . . . . Retrieved Matter 144 | . 144 . . . . . . . . . . . . . . . . . . . . . . . . Retrieved Components 4 | . 4 . . . . . . . . . . . . . . . . . . . . . . . . Parts Scanalyzed . | . . . . . . . . . . . . . . . . . . . . . . . . . . Part Schematics Acquired . | . . . . . . . . . . . . . . . . . . . . . . . . . . Parts Damaged . | . . . . . . . . . . . . . . . . . . . . . . . . . . Bothacking | -11 -10 -10 -9 -9 -6 -6 -6 -6 -5 -5 -5 -5 -5 -4 -4 -4 -4 -4 -4 -3 -3 -2 -2 -2 -1 ------------ Run | Yrd Mat Sub Rec Scr Fac Low Low Zio Pro Fac Upp Upp War Pro Fac Ext Cet Arc Hub Res Tes Res Qua Sec Acc Used RIF Installer . | . . . . . . . . . . . . . . . . . . . . . . . . . . Robots Hacked . | . . . . . . . . . . . . . . . . . . . . . . . . . . Non-combat . | . . . . . . . . . . . . . . . . . . . . . . . . . . Combat . | . . . . . . . . . . . . . . . . . . . . . . . . . . Robot Hacks Applied . | . . . . . . . . . . . . . . . . . . . . . . . . . . Relay Couplers Released 7 | . . . . . 4 . . . . . . . . . . . . . . . . . . 3 . Programmers 7 | . . . . . 4 . . . . . . . . . . . . . . . . . . 3 . Fabnet Peak Effective % . | . . . . . . . . . . . . . . . . . . . . . . . . . . Robots Rewired 14 | . . . . . . . . . . . . . . . . 14 . . . . . . . . . Allies Hacked 1 | . . . . . 1 . . . . . . . . . . . . . . . . . . . . Hacks Repelled . | . . . . . . . . . . . . . . . . . . . . . . . . . . Allies | -11 -10 -10 -9 -9 -6 -6 -6 -6 -5 -5 -5 -5 -5 -4 -4 -4 -4 -4 -4 -3 -3 -2 -2 -2 -1 -------- Run | Yrd Mat Sub Rec Scr Fac Low Low Zio Pro Fac Upp Upp War Pro Fac Ext Cet Arc Hub Res Tes Res Qua Sec Acc Total Allies 52 | . . . . . 10 . . . . 10 . . . . 5 22 5 . . . . . . . . Largest Group 14 | . . . . . 5 2 . . . 5 . . . . 5 14 5 5 5 . . . . . . Highest-Rated Group 593 | . . . . . 143 56 . . . 241 . . . . 238 593 480 473 473 . . . . . . Highest-Rated Ally 159 | . . . . . 31 28 . . . 50 . . . . 50 159 159 96 96 . . . . . . Total Orders 12 | . . . . . . . . . . 1 . . . . 6 3 . . 2 . . . . . . STAY 4 | . . . . . . . . . . 1 . . . . . 1 . . 2 . . . . . . FOLLOW 1 | . . . . . . . . . . . . . . . . 1 . . . . . . . . . AID 1 | . . . . . . . . . . . . . . . . 1 . . . . . . . . . EXPLORE 2 | . . . . . . . . . . . . . . . 2 . . . . . . . . . . RETURN 4 | . . . . . . . . . . . . . . . 4 . . . . . . . . . . Ally Attacks 511 | . . . . . 77 4 . . . 56 . . . . 36 234 30 16 58 . . . . . . Total Damage 14680 | . . . . . 1431 62 . . . 2369 . . . . 674 6492 1184 603 1865 . . . . . . Kills 77 | . . . . . 8 . . . . 12 . . . . 5 37 3 3 9 . . . . . . Allies Corrupted 1 | . . . . . . . . . . . . . . . 1 . . . . . . . . . . Allies Melted 3 | . . . . . . . . . . . . . 3 . . . . . . . . . . . . Intel | -11 -10 -10 -9 -9 -6 -6 -6 -6 -5 -5 -5 -5 -5 -4 -4 -4 -4 -4 -4 -3 -3 -2 -2 -2 -1 ------- Run | Yrd Mat Sub Rec Scr Fac Low Low Zio Pro Fac Upp Upp War Pro Fac Ext Cet Arc Hub Res Tes Res Qua Sec Acc Active Infowar (turns) 24529 | 61 2809 1573 . . 1263 1533 2271 1570 407 922 749 544 1583 842 412 1538 527 213 657 1160 609 1339 636 929 382 Sensors 11089 | . . . . . 1142 1532 2270 1570 407 243 . . . . 347 384 . . . 412 576 1339 490 . 377 IFF 7216 | . . . . . . . . . . 524 645 542 1583 842 60 1137 426 . . . . . 146 929 382 Terrain 4152 | . . . . . . . . . . . . . . . . . . . . 1158 535 1339 634 486 . Structural 6756 | . . . . . 822 1350 1418 1570 407 922 267 . . . . . . . . . . . . . . Seismic 4563 | 61 2809 1573 . . 120 . . . . . . . . . . . . . . . . . . . . Cloaking 2189 | . . . . . . . . . . . . . . 740 412 191 . . . 844 . 2 . . . Jamming 9546 | . . . . . . . . . . 899 749 544 1583 842 412 1538 452 213 657 1160 497 . . . . ECM 1 | . . . . . . . . . . . 1 . . . . . . . . . . . . . . Robot Analysis Total 8 | . 1 . 1 6 . . . . . . . . . . . . . . . . . . . . . Derelict Logs Recovered 12 | . . 1 . 5 . 2 1 . 1 . 1 . . 1 . . . . . . . . . . . Drone Launches 4 | . . . . . . . . . . . . . . . 4 . . . . . . . . . . Drone Recoveries 4 | . . . . . . . . . . . . . . . 4 . . . . . . . . . . Exploration | -11 -10 -10 -9 -9 -6 -6 -6 -6 -5 -5 -5 -5 -5 -4 -4 -4 -4 -4 -4 -3 -3 -2 -2 -2 -1 ------------- Run | Yrd Mat Sub Rec Scr Fac Low Low Zio Pro Fac Upp Upp War Pro Fac Ext Cet Arc Hub Res Tes Res Qua Sec Acc Turns Passed 34969 | 211 2809 3335 2248 5939 1397 1533 2271 1570 407 927 749 544 1583 842 412 1538 527 213 657 1160 704 1339 739 933 382 Spaces Moved 15088 | 88 708 1269 632 2095 573 1009 1049 1091 264 365 478 354 854 530 229 761 175 116 299 489 247 557 326 336 194 Core 188 | 2 . . . 186 . . . . . . . . . . . . . . . . . . . . . Treads 7729 | 86 708 1269 632 1909 224 . 234 . . 5 . . . 2 . . 96 116 299 489 247 557 326 336 194 Legs . | . . . . . . . . . . . . . . . . . . . . . . . . . . Wheels 7171 | . . . . . 349 1009 815 1091 264 360 478 354 854 528 229 761 79 . . . . . . . . Hover . | . . . . . . . . . . . . . . . . . . . . . . . . . . Flight . | . . . . . . . . . . . . . . . . . . . . . . . . . . Fastest Speed 50 | 50 160 240 340 50 140 140 140 130 140 130 130 140 130 130 130 130 120 160 160 160 160 153 153 163 163 Average Speed 189 | 157 219 247 340 280 171 140 200 139 140 154 132 140 138 130 139 131 161 160 160 160 165 175 155 163 163 Slowest Speed 720 | 160 240 430 340 340 252 150 410 140 140 720 140 140 140 345 140 140 240 160 160 160 240 180 163 163 163 Overloaded Moves . | . . . . . . . . . . . . . . . . . . . . . . . . . . Propulsion Burnouts . | . . . . . . . . . . . . . . . . . . . . . . . . . . Robots Hopped 1 | . . . . . . . . 1 . . . . . . . . . . . . . . . . . Potential Cave-ins 14 | . . . . . . . 2 . . . . . . 2 . . . . . . 2 . 2 6 . Cave-ins Triggered . | . . . . . . . . . . . . . . . . . . . . . . . . . . Teleports 1 | . . . . . . . . . . . . . . . . . . . . . . . . 1 . Exploration Rate (%) 50 | 5 93 37 98 82 19 96 82 84 45 12 60 43 88 71 8 84 56 81 21 8 38 19 46 28 6 Regions Visited 25 Branch Regions 18 Pre-discovered Areas 16 | . . . 7 6 . . 1 1 . . . . . 1 . . . . . . . . . . . Known Exits Taken 20 | . . . 1 . 1 1 1 1 1 1 1 1 1 1 1 1 1 1 1 1 1 1 . 1 . Unknown Exits Taken 5 | 1 1 1 . 1 . . . . . . . . . . . . . . . . . . 1 . . Scrap Searched 23 | . . 2 . 3 . 4 4 3 . . 1 1 . 5 . . . . . . . . . . . Spaces Dug 225 | . 22 . . . 17 8 13 . 5 8 5 4 28 29 5 . . . . 11 6 28 11 18 7 Terrain Destroyed 823 | . 36 36 . . 27 58 51 . 21 30 9 15 36 61 8 51 8 4 188 12 25 52 21 60 14 Melee 6 | . . . . . . . . . . . . . . . . . . . . . . . 2 2 2 Projectile 452 | . . . . . 27 14 27 . 11 30 9 15 36 50 8 34 8 4 21 12 25 52 19 38 12 AOE 357 | . 36 36 . . . 44 24 . 10 . . . . 11 . 16 . . 167 . . . . 13 . Terrain Rammed . | . . . . . . . . . . . . . . . . . . . . . . . . . . Walls Destroyed . | . . . . . . . . . . . . . . . . . . . . . . . . . . Machines Disabled . | . . . . . . . . . . . . . . . . . . . . . . . . . . Actions | -11 -10 -10 -9 -9 -6 -6 -6 -6 -5 -5 -5 -5 -5 -4 -4 -4 -4 -4 -4 -3 -3 -2 -2 -2 -1 --------- Run | Yrd Mat Sub Rec Scr Fac Low Low Zio Pro Fac Upp Upp War Pro Fac Ext Cet Arc Hub Res Tes Res Qua Sec Acc Total 20254 | 136 1880 1377 684 2174 894 1087 1175 1145 288 593 550 381 1216 627 305 1150 395 135 455 847 434 916 555 613 242 Wait 3168 | 25 1094 20 12 . 189 29 78 42 8 105 39 . 287 38 36 73 156 6 121 301 111 196 103 81 18 Move 15061 | 87 707 1268 631 2094 572 1008 1048 1088 263 364 477 353 853 529 228 760 174 115 299 488 246 556 325 335 193 Hop 1 | . . . . . . . . 1 . . . . . . . . . . . . . . . . . Pick Up 217 | 6 17 13 6 38 19 4 1 2 2 10 2 4 10 2 7 5 15 3 8 9 3 14 6 4 7 Fast Attach 54 | 6 1 1 1 4 9 . . . . 3 2 1 1 . 3 1 3 1 . 3 5 2 5 2 . Attach 68 | 1 . 4 . 5 8 . . 1 . 6 2 . 1 . 2 3 6 1 . 6 2 4 3 10 3 Detach 17 | . . 1 . . 1 . . . . . . . . . 1 . . . . 5 . 2 3 3 1 Swap 154 | . 11 6 2 4 15 8 7 1 . 16 7 1 7 4 6 8 6 . 1 4 6 7 8 15 4 Drop 208 | . 4 11 5 28 19 4 1 8 1 13 . 3 14 2 9 12 15 1 8 12 7 14 12 4 1 Fire 1033 | 11 40 53 23 . 60 31 38 2 14 71 21 19 43 52 13 69 19 8 17 19 54 121 88 134 13 Melee 29 | . . . . . . . . . . . . . . . . . . . . . . . 2 25 2 Ram 2 | . . . . . 1 . . . . 1 . . . . . . . . . . . . . . . Kick . | . . . . . . . . . . . . . . . . . . . . . . . . . . Crush 17 | . 6 . 4 . . . 1 . . 4 . . . . . . 1 . 1 . . . . . . Escape Stasis . | . . . . . . . . . . . . . . . . . . . . . . . . . . Rewire 224 | . . . . . 1 3 1 . . . . . . . . 219 . . . . . . . . . Trap 1 | . . . . 1 . . . . . . . . . . . . . . . . . . . . . Miscellaneous . | . . . . . . . . . . . . . . . . . . . . . . . . . . Route ------- -11/Scrapyard -10/Materials (discovered 6 exits: [*Mat x3] / [*Min x2] / [*Sub]) -10/Subcaves -9/Recycling (discovered 2 exits: [*Fac] / *Scr) -9/Scraptown (discovered 2 exits: *Fac x2) -6/Factory (discovered 4 exits: Fac x2 / *Low x2) -6/Lower Caves -6/Lower Caves (discovered 2 exits: *Fac / *Zio) -6/Zion -5/Proximity Caves -5/Factory (discovered 3 exits: Fac / *Upp x2) -5/Upper Caves -5/Upper Caves (discovered 2 exits: Fac / *War) -5/Warlord -4/Proximity Caves -4/Factory (discovered 2 exits: Res / *Ext) -4/Extension (discovered 2 exits: *Res / *Cet) -4/Cetus (discovered 2 exits: *Res / *Arc) -4/Archives (discovered 3 exits: *Res / *Hub x2) -4/Hub_04(d) -3/Research (discovered 4 exits: *Res x2 / *Tes x2) -3/Testing -2/Research (discovered 3 exits: *Acc x2 / *Qua) -2/Quarantine (discovered 3 exits: Acc / *Sec / [*Frg]) -2/Section 7 -1/Access (discovered 2 exits: [*Sur] / Com) To Fleet Rendezvous History --------- Turn | Location | Event 20 | -11/Scrapyard | Discovered new exit (range 15) 212 | -11/Scrapyard | Entered Materials 312 | -10/Materials | Build established: Mutant 383 | -10/Materials | Discovered new exit (range 4) 1791 | -10/Materials | Discovered new exit (range 16) 2213 | -10/Materials | Repaired Lgt. Treads 2240 | -10/Materials | Repaired Lgt. Treads 2315 | -10/Materials | Discovered new exit (range 15) 2428 | -10/Materials | Discovered new exit (range 3) 2595 | -10/Materials | Discovered new exit (range 16) 2662 | -10/Materials | Central database locked down 2993 | -10/Materials | Discovered new exit (range 11) 3021 | -10/Materials | Entered Subcaves 3222 | -10/Subcaves | Learned Materials terminal intel 3228 | -10/Subcaves | A swath of the cavern ceiling suddenly collapsed 3503 | -10/Subcaves | Disturbed a concealed Subdweller 4185 | -10/Subcaves | Discovered new exit (range 14) 6356 | -10/Subcaves | Entered Recycling 8163 | -9/Recycling | Learned 4 Materials zone layouts 8242 | -9/Recycling | Discovered new exit (range 15) 8254 | -9/Recycling | Identified exit to Scraptown 8263 | -9/Recycling | Learned Materials trap positions 8277 | -9/Recycling | Learned Storage security intel 8299 | -9/Recycling | Learned 2 Materials zone layouts 8515 | -9/Recycling | Scanned before Scraplab entrance 8566 | -9/Recycling | Entered Scraplab 8604 | -9/Recycling | Entered Scraptown 8927 | -9/Scraptown | Visited UFD Registry 8927 | -9/Scraptown | Registered with UFD as "Matrixbank" 9091 | -9/Scraptown | Scanned Subdweller tech in exchange for log data 9097 | -9/Scraptown | Learned 12 Factory zone layouts 9101 | -9/Scraptown | Learned Factory security intel 9104 | -9/Scraptown | Learned Research stockpile data 9108 | -9/Scraptown | Learned location of 1 exit from Research 9114 | -9/Scraptown | Learned location of Warlord (-5) 9430 | -9/Scraptown | Visited Curators Association 9474 | -9/Scraptown | Visited Sword Containment 9522 | -9/Scraptown | Visited Research Penetration Think Tank 9593 | -9/Scraptown | Visited Analyses Database 9658 | -9/Scraptown | Visited Infowarlord's Domain 9685 | -9/Scraptown | Found Exp. Terrain Scanner 9754 | -9/Scraptown | Visited A0-MCA Data Center 9774 | -9/Scraptown | Given a C rating by A0-MCA 9781 | -9/Scraptown | Found A0-MCA's Component Scanner 9894 | -9/Scraptown | Visited Cartography Club 10068 | -9/Scraptown | Found Unknown Processor 10094 | -9/Scraptown | Learned location of Recycling (-9) 10094 | -9/Scraptown | Learned location of Proximity Caves (-4) 10094 | -9/Scraptown | Learned location of Hub_04(d) (-4) 10094 | -9/Scraptown | Learned 16 Factory zone layouts 10094 | -9/Scraptown | Learned 8 Research zone layouts 10094 | -9/Scraptown | Learned 8 Access zone layouts 10094 | -9/Scraptown | Learned 4 Recycling zone layouts 10094 | -9/Scraptown | Learned 20 Upper Caves zone layouts 10094 | -9/Scraptown | Learned 12 Proximity Caves zone layouts 10094 | -9/Scraptown | Learned location of 2 exits from Research 10094 | -9/Scraptown | Learned location of 2 exits from Proximity Caves 10116 | -9/Scraptown | Found Deep Structural Scanner 10383 | -9/Scraptown | Visited Awakened 10512 | -9/Scraptown | Visited The Evicted 10587 | -9/Scraptown | Visited Symbiants 10621 | -9/Scraptown | Visited SPCMW 10672 | -9/Scraptown | Visited Red Mages 10696 | -9/Scraptown | Visited Spacefarers 11454 | -9/Scraptown | Discovered new exit (range 11) 11563 | -9/Scraptown | Guru changed UFD alias to "Toolforce" 11996 | -9/Scraptown | Warned about trapping Scraptown 12071 | -9/Scraptown | Found Surveybot 24 Chip 12493 | -9/Scraptown | Discovered new exit (range 3) 12504 | -9/Scraptown | System corruption cleaned by C-Scrubber 12601 | -9/Scraptown | Found Scrap Suit 12826 | -9/Scraptown | Visited Junk Repository 14543 | -9/Scraptown | Entered Factory 14543 | -6/Factory | Evolved 8 slots: Power x1, Propulsion x2, Utility x4, Weapon x1 14544 | -6/Factory | Identified exit to Lower Caves 14544 | -6/Factory | Identified exit to Factory 14964 | -6/Factory | Build established: Scavenger-Skirmisher 15341 | -6/Factory | Scrapoid reinforcements arrived 15378 | -6/Factory | Found Scrap Suit 15385 | -6/Factory | Lost 3 allies 15748 | -6/Factory | Scrapoids reinforcements arrived? 15780 | -6/Factory | Found Scrap Suit 15795 | -6/Factory | Lost 3 allies 15940 | -6/Factory | Entered Lower Caves 15940 | -6/Lower Caves | Accompanied by 2 allies 15948 | -6/Lower Caves | Build established: Scavenger-Scrapper 16238 | -6/Lower Caves | Murdered Warlord Statue 16674 | -6/Lower Caves | Encountered a Warlord checkpoint 16788 | -6/Lower Caves | Entered an active Warlord outpost 16796 | -6/Lower Caves | Learned Factory stockpile data 16834 | -6/Lower Caves | Learned 8 Factory zone layouts 16834 | -6/Lower Caves | Learned Armory emergency access door positions 16834 | -6/Lower Caves | Learned Extension stockpile data 16924 | -6/Lower Caves | Discovered new exit (range 10) 17330 | -6/Lower Caves | Learned 12 Factory zone layouts 17471 | -6/Lower Caves | Identified exit to Lower Caves 17473 | -6/Lower Caves | Entered another Lower Caves area 17576 | -6/Lower Caves | Discovered exit to Factory (range 18) 17633 | -6/Lower Caves | Encountered a Warlord checkpoint 17965 | -6/Lower Caves | Learned Factory terminal intel 18145 | -6/Lower Caves | Attracted the attention of an 0b10 base 18185 | -6/Lower Caves | Learned location of Extension (-4) 18185 | -6/Lower Caves | Learned location of 1 exit from Proximity Caves 18185 | -6/Lower Caves | Learned 8 Factory zone layouts 18185 | -6/Lower Caves | Learned 6 Upper Caves zone layouts 18185 | -6/Lower Caves | Learned Extension trap positions 19353 | -6/Lower Caves | Discovered new exit (range 7) 19743 | -6/Lower Caves | Identified exit to Zion 19744 | -6/Lower Caves | Entered Zion 19797 | -6/Zion | System corruption cleaned by Quarantine Array 19819 | -6/Zion | Given the Hacking Drone Bay 19822 | -6/Zion | Found Prototype Device 19938 | -6/Zion | Discovered new exit (range 15) 20946 | -6/Zion | Turned away by Imprinter 21313 | -6/Zion | Identified exit to Proximity Caves 21314 | -6/Zion | Entered Proximity Caves 21375 | -5/Proximity Caves | Learned Factory interactive machine intel 21505 | -5/Proximity Caves | Acquired the password to a Derelict Tinkerer's latest research 21515 | -5/Proximity Caves | Found Prototype Special Weapon 21529 | -5/Proximity Caves | Spotter reported a threat 21703 | -5/Proximity Caves | Caught by Unaware searching for contraband prototypes 21721 | -5/Proximity Caves | Entered Factory 21721 | -5/Factory | Evolved 2 slots: Utility x2 21722 | -5/Factory | Identified exit to Upper Caves 21723 | -5/Factory | Identified exit to Factory 21725 | -5/Factory | Loaded intel: 54 interactive machine locations 21726 | -5/Factory | Loaded intel: 26 terminal locations 22232 | -5/Factory | System corruption reached 10% 22303 | -5/Factory | Scrapoid reinforcements arrived 22369 | -5/Factory | Lost 5 allies 22389 | -5/Factory | Found Scrap Suit 22453 | -5/Factory | Build established: Scavenger-Skirmisher 22540 | -5/Factory | Scrapoid reinforcements arrived 22615 | -5/Factory | Lost 5 allies 22648 | -5/Factory | Entered Upper Caves 22649 | -5/Upper Caves | Identified exit to Upper Caves 22660 | -5/Upper Caves | Attracted the attention of an 0b10 checkpoint 22910 | -5/Upper Caves | Ambushed by wild Derelicts 23029 | -5/Upper Caves | Learned location of 1 exit from Upper Caves 23397 | -5/Upper Caves | Entered another Upper Caves area 23533 | -5/Upper Caves | Encountered a Warlord checkpoint 23787 | -5/Upper Caves | Discovered new exit (range 5) 23794 | -5/Upper Caves | Identified exit to Warlord 23941 | -5/Upper Caves | Entered Warlord 23989 | -5/Warlord | System corruption cleaned by Quarantine Array 24629 | -5/Warlord | Visited the Vortex Lab 24639 | -5/Warlord | Found Prototype Energy Gun 24641 | -5/Warlord | Found Prototype Energy Gun 24643 | -5/Warlord | Warlord's base attacked by MAIN.C 24648 | -5/Warlord | Found Prototype Energy Cannon 24650 | -5/Warlord | Found Prototype Energy Cannon 24731 | -5/Warlord | Identified Vortex Shotgun (x2) 24735 | -5/Warlord | Identified Vortex Driver (x2) 24748 | -5/Warlord | Found Vortex Chain Reactor 24755 | -5/Warlord | Found Exp. Target Analyzer 24972 | -5/Warlord | Rebuked by Warlord 24993 | -5/Warlord | Warlord forces counterattacked 25318 | -5/Warlord | Warlord base infiltrated, sounded retreat 25494 | -5/Warlord | Discovered new exit (range 15) 25510 | -5/Warlord | Identified exit to Proximity Caves 25523 | -5/Warlord | Lost 7 allies 25524 | -5/Warlord | Entered Proximity Caves 26205 | -4/Proximity Caves | Learned location of Quarantine (-2) 26366 | -4/Proximity Caves | Entered Factory 26366 | -4/Factory | Evolved 2 slots: Propulsion x1, Utility x1 26367 | -4/Factory | Identified exit to Research 26564 | -4/Factory | Discovered new exit (range 9) 26699 | -4/Factory | Scrapoid reinforcements arrived 26723 | -4/Factory | Found Scrap Suit 26770 | -4/Factory | Identified exit to Extension 26778 | -4/Factory | Entered Extension 26778 | -4/Extension | Accompanied by 3 allies 26779 | -4/Extension | Loaded intel: 24 trap records 27121 | -4/Extension | Rescued a captive Derelict 27123 | -4/Extension | Rescued a captive Derelict 27557 | -4/Extension | Build established: Commander-Gunner 27615 | -4/Extension | Spotted B-86 Titan 27644 | -4/Extension | Spotted B-86 Titan 27647 | -4/Extension | Allies destroyed B-86 Titan 27660 | -4/Extension | Destroyed B-86 Titan 27712 | -4/Extension | Lost 8 allies 27735 | -4/Extension | Rescued A7 28028 | -4/Extension | First assault squad dispatched 28134 | -4/Extension | Energy Cycler disabled 28142 | -4/Extension | Rescued a captive Derelict 28189 | -4/Extension | Destroyed 11 combat bots 28194 | -4/Extension | Lost 5 allies 28247 | -4/Extension | Lost 3 allies 28259 | -4/Extension | Scrapoid reinforcements arrived 28303 | -4/Extension | Discovered new exit (range 12) 28304 | -4/Extension | Discovered exit to Research (range 14) 28314 | -4/Extension | Disrupted transfer network 28314 | -4/Extension | Identified exit to Cetus 28316 | -4/Extension | Entered Cetus 28316 | -4/Cetus | Accompanied by 1 ally (A7) 28321 | -4/Cetus | Acquired a Cetus Manufacturing Module code from A7 28336 | -4/Cetus | Spotted Cetus Guard 28336 | -4/Cetus | Spotted Cetus Guard 28338 | -4/Cetus | Spotted Cetus Guard 28338 | -4/Cetus | Spotted Cetus Guard 28347 | -4/Cetus | Lost 5 allies 28350 | -4/Cetus | Allies destroyed Cetus Guard 28359 | -4/Cetus | Allies destroyed Cetus Guard 28369 | -4/Cetus | Destroyed Cetus Guard 28374 | -4/Cetus | Destroyed Cetus Guard 28376 | -4/Cetus | Extracted ID and sensor layout for unrecognized location from A7's data core 28397 | -4/Cetus | Lost 4 parts (1p1n2u) 28489 | -4/Cetus | Build established: Scavenger-Tank 28522 | -4/Cetus | Started Cetus Manufacturing Module 28547 | -4/Cetus | Manufactured an Enhanced Grunt 28572 | -4/Cetus | Manufactured an Enhanced Grunt 28597 | -4/Cetus | Manufactured an Enhanced Grunt 28622 | -4/Cetus | Manufactured an Enhanced Grunt 28647 | -4/Cetus | Manufactured an Enhanced Grunt 28699 | -4/Cetus | Discovered new exit (range 15) 28730 | -4/Cetus | Spotted Cetus Guard 28730 | -4/Cetus | Spotted Cetus Guard 28732 | -4/Cetus | Spotted Cetus Guard 28738 | -4/Cetus | Spotted Cetus Guard 28745 | -4/Cetus | Destroyed Cetus Guard 28751 | -4/Cetus | Destroyed Cetus Guard 28754 | -4/Cetus | Destroyed Cetus Guard 28754 | -4/Cetus | Destroyed Cetus Guard 28763 | -4/Cetus | Discovered exit to Research (range 16) 28771 | -4/Cetus | Met Revision 17 28838 | -4/Cetus | Identified exit to Archives 28843 | -4/Cetus | Entered Archives 28843 | -4/Archives | Accompanied by 5 allies 28960 | -4/Archives | Discovered exit to Research (range 16) 28991 | -4/Archives | Discovered new exit (range 15) 29007 | -4/Archives | Discovered new exit (range 15) 29043 | -4/Archives | Identified exit to Hub_04(d) 29056 | -4/Archives | Entered Hub_04(d) 29056 | -4/Hub_04(d) | Accompanied by 5 allies 29312 | -4/Hub_04(d) | Discovered exit to Research (range 8) 29519 | -4/Hub_04(d) | Network Hub disabled 29713 | -4/Hub_04(d) | Entered Research 29713 | -3/Research | Evolved 2 slots: Power x1, Propulsion x1 29714 | -3/Research | Identified exit to Testing 29715 | -3/Research | Identified exit to Research 29913 | -3/Research | Revision forces began assault on 0b10 29970 | -3/Research | Met up with Revision 17++ 30141 | -3/Research | Found Quantum Capacitor 30413 | -3/Research | Research terminal network offline 30847 | -3/Research | Build established: Scavenger-Skirmisher 30873 | -3/Research | Entered Testing 30888 | -3/Testing | Found AEGIS Remote Shield 30916 | -3/Testing | Found Perforator 31217 | -3/Testing | Spotted PY-YFD429VSDT 31280 | -3/Testing | Discovered exit to Research (range 30) 31383 | -3/Testing | System corruption reached 10% 31577 | -3/Testing | Entered Research 31577 | -2/Research | Evolved 2 slots: Utility x2 31578 | -2/Research | Discovered new exit (range 27) 31610 | -2/Research | Build established: Scavenger-Tank 31767 | -2/Research | Identified exit to Access 32072 | -2/Research | Build established: Scavenger-Skirmisher 32472 | -2/Research | Found Point Singularity Launcher 32493 | -2/Research | Discovered exit to Access (range 30) 32742 | -2/Research | Discovered new exit (range 30) 32849 | -2/Research | Identified exit to Quarantine 32916 | -2/Research | Entered Quarantine 32982 | -2/Quarantine | Build established: Skirmisher 32989 | -2/Quarantine | Found Alien Artifact 32989 | -2/Quarantine | Identified Core Reset Matrix 32989 | -2/Quarantine | Used Core Reset Matrix 32993 | -2/Quarantine | Detected hypermatrix surge 32993 | -2/Quarantine | Sensed 14 artifacts in vicinity 33023 | -2/Quarantine | Found Transdimensional Reconstructor 33118 | -2/Quarantine | Cryocooling Duct disabled 33133 | -2/Quarantine | Ambient heat levels rising (+20) 33133 | -2/Quarantine | Non-combat units ordered to evacuate 33196 | -2/Quarantine | Discovered exit to Access (range 26) 33214 | -2/Quarantine | Found Sigix Broadsword 33415 | -2/Quarantine | Spotted Fortress 33460 | -2/Quarantine | Destroyed Fortress 33474 | -2/Quarantine | Found Vortex Chain Reactor 33498 | -2/Quarantine | Found Centrium Heavy Armor Plating 33515 | -2/Quarantine | Found Thermal Barrier 33585 | -2/Quarantine | Discovered new exit (range 28) 33589 | -2/Quarantine | Discovered new exit (range 27) 33655 | -2/Quarantine | Entered Section 7 33656 | -2/Section 7 | Detected hypermatrix surge 33656 | -2/Section 7 | Sensed 22 artifacts in vicinity 33760 | -2/Section 7 | Build established: Assassin 33935 | -2/Section 7 | Spotted S7 Guard 33944 | -2/Section 7 | Scanned by Researcher 33965 | -2/Section 7 | Destroyed S7 Guard 33991 | -2/Section 7 | Found Corrupted Hvy. Regenerative Plating 34089 | -2/Section 7 | Spotted B-90 Cyclops 34108 | -2/Section 7 | Warped through subspace 34432 | -2/Section 7 | Intercept squad dispatched 34457 | -2/Section 7 | Spotted Tracker 34457 | -2/Section 7 | Spotted Tracker 34495 | -2/Section 7 | Destroyed Tracker 34511 | -2/Section 7 | Destroyed Tracker 34511 | -2/Section 7 | System corruption reached 10% 34526 | -2/Section 7 | Spotted Combat Programmer 34527 | -2/Section 7 | Spotted Combat Programmer 34581 | -2/Section 7 | Discovered exit to Access (range 5) 34588 | -2/Section 7 | Entered Access 34588 | -1/Access | Evolved 2 slots: Utility x1, Weapon x1 34732 | -1/Access | Identified exit to Command 34874 | -1/Access | Build established: Scavenger-Mutant 34965 | -1/Access | Discovered new exit (range 4) 34970 | *** | Heading to fleet! Last Messages --------------- Map updated. 34732_ Connecting with Terminal... 34763_ Acquired Graphene Brace. 34775_ Acquired Lgt. Quantum Reactor. 34878_ Component scanned: Adv. Recoil Stabilizer. 34887_ Acquired Com. HERF Cannon. 34939_ Connecting with Terminal... 34941_ ALERT: Potential suspicious activity detected, Programmers report to Access Zone 7W. 34947_ Terminal disabled. 34949_ Vortex penetrates Sealed Barrier. 34949_ Sealed Barrier breached. 34949_ Main Access Shell breached. 34954_ Vortex penetrates Wall. 34956_ Destroyed Imp. Antigrav System. 34958_ Vortex penetrates P-80 Master. 34958_ P-80 Master destroyed. 34965_ EXIT=FOUND Map ----- +----------------------------------------------------+ | ?????????????????????????????????????????????????? | | ?????????????????????????????????????????????????? | | ?????????????????????????????????????????????????? | | ?????????????????????????????????????????????????? | | ?????????????????????????????????????????????????? | | ?????????????????????????????????????????????????? | | ?????????????????????????????????????????????????? | | ?????????????????????????????????????????????????? | | ?????????????????????????????????????????????????? | | ?????????????????????????????????????????????????? | | ?????????????????????????????????????????????????? | | ?????????????????????????????????????????????????? | | ?????????????????????????????????????????????????? | | ?????????????????????????????????????? ?????????? | | ?????????????????????????????????????? #????????? | | ?????????????????????????????????????? #????????? | | ?????????????????????????????????????? #????????? | | ?????????????????????????????????????? #? ??????? | | ?????????????????????????????????????? #"???????? | | ?????????????????????????????????????# "#???????? | | ???????????????????????????###"######" #????????? | | ??????????????????????????? " [ #????????? | | ??????????????????????????? " % #????????? | | ??????????????????????"""""" " #????????? | | ??????????????????????" " " #????????? | | ??????????????????????" "@ " " #????????? | | ??????????????????????" "" " " #????????? | | ??????????????????????" " " #????????? | | ??????????????????????""""" #????????? | | ????????????????????" " " " #????????? | | ????????????????????" """"T""" #????????? | | ????????????????????##########"####### #????????? | | ?????????????????????????????????????# ####?????? | | ?????????????????????????????????????# "#"#####?? | | ?????????????????????????????????????# #!!] ### | | ?????????????????????????????????????# #!! + | | ?????????????????????????????????????# #! ### | | ?????????????????????????????????????# # #?? | | ?????????????????????????????????????# # #?? | | ?????????????????????????????????????# # #?? | | ?????????????????????????????????????# ##+####### | | ?????????????????????????????????????# ## """"" | | ?????????????????????????????????????# ## """"" | | ??????????????????????????????######## ?# "" F" | | ????????????????????????????? ?# | | ???????????????????????????? ?# | | ???????????????????????????? ## | | ???????????????????????????? | | ??????????????????????????? ! | | ?????????????????????????? | +----------------------------------------------------+ Best States ------------- Heat Dissipation 142 Coolant Potential 120 Energy Generation 75 Energy Capacity 950 Matter Stores 300 Matter Capacity 300 Sight Range 16 Robot Scan Range 18 Terrain Scan Range 30 Terrain Scan Density 2010 Jamming Range 14 Cloak Strength 3 Armor Coverage 1350 Resistance: KI 25 Resistance: TH 50 Weapon Cycling 20 Evasion (%) 50 Target Analysis 10 Recoil Reduction 6 Particle Charging 25 Item Schematics ----------------- None Robot Schematics ------------------ None Fabricated ------------ Nothing Repaired ---------- Lgt. Treads | 65% | -10/Materials Lgt. Treads | 68% | -10/Materials Alien Tech Used ----------------- Core Reset Matrix Sigix Broadsword Transdimensional Reconstructor Achievements -------------- None Challenges ------------ None Game ------ Seed TransmissionSmallDrillbomb Manual? 0 Play Time 03:47:05 Cumulative 212.8 hours Start 2025.09.27 @ 14:02:17 End 2025.10.11 @ 16:15:49 Sessions 15 Manual Loads 0 Difficulty Rogue Special Mode None Game No. 119 Rogue 119 Adventurer 0 Explorer 0 Win Type 2 Total 24 Types 10/1/9/1/0/1/1/1/0/0 Lore% 77 Gallery% 67 Achievement% 72 Wizard Run 0 Options --------- Layout 1 ASCII 0 Keyboard 0 Movement Arrows Keybinds 0 Fullscreen 2 Font 24/Tamsyn Map View 50x35 Zoom Use 0% Tactical HUD 1 Map Filters NONE Filters NONE Steam 1 RUN: b877e18f-202d-46d7-84fc-233f27e22da7